 Dungeon Crawl Stone Soup version 0.21-a0-319-g17ab366 (webtiles) character file.

28 woundedspider the Shooter (level 2, 0/24 HPs)
             Began as a Centaur Hunter on Sept 30, 2017.
             Succumbed to an adder's poison
             ... on level 2 of the Dungeon.
             The game lasted 00:03:20 (998 turns).

woundedspider the Shooter (Centaur Hunter)           Turns: 998, Time: 00:03:20

Health: 0/24       AC:  9    Str: 14    XL:     2   Next: 96%
Magic:  2/2        EV:  1    Int: 10    God:
Gold:   60         SH:  0    Dex:  9    Spells: 1/1 levels left

rFire    . . .     SeeInvis .   b - +0 short sword
rCold    . . .     Gourm    .   (no shield)
rNeg     . . .     Faith    .   p - +1 plate armour
rPois    .         Spirit   .   (no helmet)
rElec    .         Reflect  .   (no cloak)
rCorr    .         Harm     .   (no gloves)
MR       .....     Rnd*Tele +   (no barding)
Stlth    ..........             (no amulet)
HPRegen  0.08/turn              j - ring of teleportation (curse)
MPRegen  0.08/turn              (no ring)

@: lethally poisoned (0 -> -3), very slightly contaminated, invisible, very
quick
A: hooves 3, deformed body, speed 2, tough skin 3
a: no special abilities


You were on level 2 of the Dungeon.
You were not hungry.

You visited 1 branch of the dungeon, and saw 2 of its levels.

You collected 60 gold pieces.

Inventory:

Hand Weapons
 a - a +1 shortbow
 b - a +0 short sword (weapon)
Missiles
 d - 18 arrows
Armour
 c - a +0 leather armour
 h - a +0 leather armour
 p - a +1 plate armour (worn)
Jewellery
 j - a cursed ring of teleportation (left hand)
Scrolls
 e - a scroll of enchant armour
Comestibles
 f - a bread ration
 g - 2 fruits


   Skills:
 + Level 2.2 Fighting
 + Level 0.3 Short Blades
 + Level 6.2 Bows
 + Level 0.2 Armour
 + Level 1.4 Dodging
 + Level 0.4 Stealth


You had one spell level left.
You didn't know any spells.

Dungeon Overview and Level Annotations

Branches:
Dungeon (2/15)

Altars:


Innate Abilities, Weirdness & Mutations

You have hooves in place of feet.
Armour fits poorly on your strangely shaped body.
You cover ground very quickly.
You have extremely tough skin. (AC +3)


Message History

* * * LOW HITPOINT WARNING * * *
You feel sick.
Unknown command.
As you read the scroll labeled EKHLOU GUNKIBE, it crumbles to dust.
You feel blessed for a moment.
It was a scroll of remove curse.
Put on which piece of jewellery? (? for menu, Esc to quit)
You feel slightly jumpy.
Oops, that ring feels deathly cold.
j - a cursed ring of teleportation (left hand) Firing (i - inventory): No suitable missiles.
Press: ? - help, Shift-Dir - straight line, f - you Really target yourself? [Y]es or [N]o only, please.
Really target yourself?
Okay, then.
Wield which item (- for none, * to show all)? (? for menu, Esc to quit)
Okay, then.
There is a lethal amount of poison in your body!
You swing at nothing.
You swing at nothing.
You die...

#. .( .# .#
##########.#
.....#...[.##
............##
.........@...#
.............#
...[.........#
.......<.....#
.............#
............##
.....#.....##
############


There were no monsters in sight!

Vanquished Creatures
  An adder (D:2)
  A leopard gecko (D:1)
  2 bats (D:1)
  2 giant cockroaches (D:1)
  3 goblins (D:1)
  A hobgoblin (D:1)
  A kobold (D:1)
  A frilled lizard (D:1)
  5 rats (D:1)
17 creatures vanquished.

Notes
Turn   | Place    | Note
-------+----------+-------------------------------------------
     0 | D:1      | woundedspider the Centaur Hunter began the quest for the Orb.
     0 | D:1      | Reached XP level 1. HP: 17/17 MP: 1/1
   296 | D:1      | Reached XP level 2. HP: 23/24 MP: 2/2
   300 | D:1      | Reached skill level 6 in Bows
   990 | D:2      | HP: 1/24 [poisoned by an adder]
   998 | D:2      | Succumbed to an adder's poison

Vault maps used:
D:1:      onia_arrival_mini_maze_b
D:2:      first_bread, fedhas_altar_3

Skill      XL: |  1  2 |
---------------+-------+-----
Bows           | 6 |  6.2
Fighting       | |  2.2
Short Blades   | |  0.3
Armour         | |  0.2
Dodging        | |  1.4
Stealth        | |  0.4

Action                   || total
-------------------------++-------
Melee: Short sword       ||    54
       Kick              ||     4
 Fire: Shortbow          ||     7
  Use: Potion            ||     5
       Scroll            ||     4
Armor: Leather armour    ||    15
       Plate armour      ||    22
       Skin              ||     5
Dodge: Dodged            ||    14

Table legend:
 A = Spawn XP
 B = Non-spawn XP
 C = Spawn XP percentage of total XP
 D = Spawn monster count
 E = Non-spawn monster count
 F = Spawn count percentage of total count
 G = Total turns spent on level
                    A         B        C        D         E        F      G
               +---------+---------+-------+---------+---------+-------+---------
         Total |       0 |      40 |   0.0 |       0 |      17 |   0.0 |   998
               +---------+---------+-------+---------+---------+-------+---------
           D:1 |       0 |      27 |   0.0 |       0 |      16 |   0.0 |   963
           D:2 |       0 |      13 |   0.0 |       0 |       1 |   0.0 |    35
               +---------+---------+-------+---------+---------+-------+---------
